 Dungeon Crawl Stone Soup version 0.31-a0-230-g09eb5fc4d3 (webtiles) character file.

Game seed: 4472751927890145414

51 qw the Shooter (level 3, -1/21 HPs)
             Began as a Gargoyle Hexslinger on July 6, 2023.
             Slain by Terence
             ... wielding a +0 flail
              (3 damage)
             ... on level 2 of the Dungeon.
             The game lasted 00:00:32 (1347 turns).

qw the Shooter (Gargoyle Hexslinger)                Turns: 1347, Time: 00:00:32

Health: -1/21      AC:  6    Str: 11    XL:     3   Next: 81%
Magic:  4/4        EV: 12    Int: 13    God:
Gold:   61         SH:  0    Dex: 14    Spells: 3/4 levels left

rFire   . . .        Y - +1 sling
rCold   . . .        (no shield)
rNeg    + . .        c - +0 robe
rPois   inf          (no helmet)
rElec   +            (no cloak)
rCorr   +            (no gloves)
SInv    .            f - +0 pair of boots
Will    .....        (no amulet)
Stlth   +            e - ring of resist corrosion
HPRegen 0.23/turn    (no ring)
MPRegen 0.09/turn

%: no passive effects
@: no status effects
A: sickness immunity, AC +3, negative energy resistance 1, electricity
resistance, torment resistance 1, petrification resistance
a: no special abilities


You were on level 2 of the Dungeon.
You visited 1 branch of the dungeon, and saw 2 of its levels.

You collected 61 gold pieces.


Innate Abilities, Weirdness & Mutations

You are immune to sickness and miasma.
Your stone body is resilient. (AC +3)
You are immune to poison.
You resist negative energy. (rN+)
You are resistant to electric shocks. (rElec)
You are resistant to unholy torment.
You are immune to petrification.


   Skills:
 - Level 2.0 Fighting
 + Level 3.6 Ranged Weapons
 - Level 1.5 Dodging
 - Level 1.0 Spellcasting
 - Level 2.6 Hexes


You had 3 spell levels left.
You knew the following spells:

 Your Spells              Type           Power      Damage    Failure   Level
a - Slow                  Hex            28%        N/A       10%         1

Your spell library contained the following spells:

 Spells                   Type           Power      Damage    Failure   Level
 Inner Flame              Hex/Fire       4%         N/A       43%         3
 Portal Projectile        Hex/Tloc       8%         N/A       43%         3
 Cause Fear               Hex            3%         N/A       67%         4

Inventory:

Hand Weapons
 Y - a +1 sling (weapon)
Armour
 a - a +0 leather armour
 c - a +0 robe (worn)
 f - a +0 pair of boots (worn)
Jewellery
 e - a ring of resist corrosion (left hand)
Potions
 b - a potion of berserk rage {unknown}
 d - a potion of resistance {unknown}
 g - a potion of enlightenment {unknown}

Dungeon Overview and Level Annotations

Branches:
Dungeon (2/15)

Altars:

Annotations:
D:2 Terence


Message History

Enter note: You shoot a sling bullet.
The sling bullet hits the adder but does no damage.
Terence the Incautious comes into view.
He is wielding a +0 flail.
You shoot a sling bullet.
The sling bullet barely misses the adder.
Terence shouts!
The sling bullet hits Terence.
Terence is moderately wounded.
You shoot a sling bullet.
The sling bullet closely misses the adder.
The sling bullet barely misses Terence.
You shoot a sling bullet. The sling bullet hits the adder.
The adder is lightly wounded.
The adder barely misses you. The adder bites you but does no damage.
You shoot a sling bullet.
The sling bullet barely misses the adder.
The sling bullet closely misses Terence.
The adder bites you but does no damage.
You shoot a sling bullet. The sling bullet misses the adder.
The sling bullet completely misses Terence.
The adder closely misses you. The adder misses you.
You shoot a sling bullet. The sling bullet hits Terence.
Terence is heavily wounded.
The adder closely misses you. Terence hits you with a +0 flail!
You shoot a sling bullet. The sling bullet barely misses Terence.
The adder bites you but does no damage. Terence barely misses you.
The adder bites you.
You shoot a sling bullet.
The sling bullet hits Terence but does no damage.
Terence is heavily wounded.
The adder bites you but does no damage. Terence hits you with a +0 flail!
You shoot a sling bullet. The sling bullet hits Terence.
Terence is severely wounded.
The adder barely misses you. Terence hits you with a +0 flail.
The adder bites you but does no damage.
You shoot a sling bullet.
The sling bullet completely misses Terence.
Terence hits you with a +0 flail.
You die...

#... #..# #..# ##### ## #
### #..####... .######..#
#.. .........# .........#
#.# #..# #..#########
.##.###..# #.# #S@#
#........... .##.#
#..###.###@.####.#########.
.##.# #...........#.......#
#. .##.##
#.........##.##.##.# #.
.....#####.#>######.##.##.#
#.
.##....................##.#
##.
###....###.#.##.###.#####.#
#.. #....#)......##.#
#.#####.# ##.#
#.#>.#..##.####.#
#.......####...
#....#<%...# #.#
##########.....


You could see Terence and an adder.

Vanquished Creatures
  2 worms (D:2)
  5 endoplasms
  3 giant cockroaches
  A goblin (D:2)
  8 hobgoblins
  2 jackals (D:1)
  A quokka (D:1)
  5 ball pythons
  5 bats
  5 kobolds (D:1)
  2 rats (D:1)
39 creatures vanquished.

Notes
Turn   | Place    | Note
-------+----------+-------------------------------------------
     0 | D:1      | qw the Gargoyle Hexslinger began the quest for the Orb.
     0 | D:1      | Reached XP level 1. HP: 12/12 MP: 2/2
     0 | D:1      | 0 ||| qw: Version: 0.3-a-46-gb1f654a
     0 | D:1      | 0 ||| qw: Game counter: 1802
     0 | D:1      | 0 ||| qw: Melee chars always use a shield: true
     0 | D:1      | 0 ||| qw: God list: Okawaru
     0 | D:1      | 0 ||| qw: Allow faded altars: false
     0 | D:1      | 0 ||| qw: Do Orc after clearing Dungeon:15 true
     0 | D:1      | 0 ||| qw: Do second Lair branch before Depths: true
     0 | D:1      | 0 ||| qw: Lair rune preference: random
     0 | D:1      | 0 ||| qw: Goals: Normal
     0 | D:1      | 0 ||| PLANNING D:1-11
    60 | D:1      | 60 ||| UPGRADING to ring of resist corrosion.
    62 | D:1      | 62 ||| DROPPING scroll of poison.
   103 | D:1      | Reached XP level 2. HP: 16/16 MP: 3/3
   130 | D:1      | Reached skill level 3 in Ranged Weapons
   132 | D:1      | 132 ||| FLEEEEING.
   133 | D:1      | 133 ||| FLEEEEING.
   134 | D:1      | 134 ||| FLEEEEING.
   226 | D:1      | 226 ||| UPGRADING to +0 pair of boots.
   454 | D:1      | Reached XP level 3. HP: 21/21 MP: 4/4
   611 | D:1      | 611 ||| Stepping ~*~*~tactically~*~*~ (outnumbered).
  1022 | D:1      | 1022 ||| READING scroll labelled YPONAL YLL.
  1023 | D:1      | 1023 ||| READING scroll labelled XYOGAUTADE.
  1070 | D:2      | HP: 1/21 [worm (6)]
  1337 | D:2      | Noticed Terence
  1345 | D:2      | HP: 4/21 [Terence/+0 flail (7)]
  1347 | D:2      | Slain by Terence

Levels and vault maps discovered:
D:1:      ldierk_walled_garden, layout_loops_ring, serial_co_window_serial,
          co_window_paths_a, co_window_paths_a, co_window_corner_a,
          co_window_corner_a, co_window_paths_a, co_window_paths_c,
          co_window_2corner, co_window_unsneaky_path_c, co_window_4corner_a,
          co_window_4corner_b, glass_columns_b, glass_columns_a,
          glass_columns_c, glass_columns_a, fountainhead
D:2:      layout_loops_ring, uniq_terence

Skill      XL: |  1  2  3 |
---------------+----------+-----
Ranged Weapons | 3 |  3.6
Fighting       | 2 |  2.0
Dodging        | |  1.5
Spellcasting   | |  1.0
Hexes          | |  2.6

Action                     || total
---------------------------++-------
   Fire: Sling             ||   125
    Use: Scroll            ||     2
 Armour: Robe              ||    31
  Dodge: Dodged            ||    45

Table legend:
 A = Non-vault XP
 B = Vault XP
 C = Vault XP percentage of total XP
 D = Non-vault monster count
 E = Vault monster count
 F = Vault count percentage of total count
                 A         B        C        D         E       F
            +---------+---------+-------+---------+---------+-------
      Total |      73 |       0 |   0.0 |      39 |       0 |   0.0
            +---------+---------+-------+---------+---------+-------
        D:1 |      49 |       0 |   0.0 |      28 |       0 |   0.0
        D:2 |      24 |       0 |   0.0 |      11 |       0 |   0.0
            +---------+---------+-------+---------+---------+-------
